 Dungeon Crawl Stone Soup version 0.29.1-15-g9cfb28693d (webtiles) character file.

Game seed: 15987205949892849293

46 javelincjr the Caller (level 3, 26/26 HPs)
             Began as a Gnoll Summoner on Apr 17, 2023.
             Was a Follower of Trog.
             Quit the game on level 1 of the Dungeon.
             The game lasted 00:05:13 (1233 turns).

javelincjr the Caller (Gnoll Summoner)              Turns: 1233, Time: 00:05:14

Health: 26/26      AC:  3    Str:  9    XL:     3   Next: 66%
Magic:  9/9        EV: 13    Int: 14    God:    Trog [*.....]
Gold:   49         SH:  0    Dex: 12    Spells: 9/12 levels left

rFire   . . .      SeeInvis .   d - +0 spear
rCold   . . .      Faith    .   (no shield)
rNeg    . . .      Spirit   .   a - +0 robe
rPois   .          Reflect  .   i - +0 helmet
rElec   .          Harm     .   (no cloak)
rCorr   .          Rampage  .   (no gloves)
Will    .....                   (no boots)
Stlth   ++........              (no amulet)
HPRegen 0.08/turn               (no ring)
MPRegen 0.11/turn               (no ring)

@: no status effects
A: fangs 1, strong nose, distributed training
a: Renounce Religion, Berserk


You were on level 1 of the Dungeon.
You worshipped Trog.
Trog was aware of your devotion.
You visited 1 branch of the dungeon, and saw 1 of its levels.

You collected 49 gold pieces.

Inventory:

Hand Weapons
 c - a +0 dagger
 d - a +0 spear (weapon)
Armour
 a - a +0 robe (worn)
 i - a +0 helmet (worn)
Scrolls
 e - a scroll of butterflies {unknown}
 h - 3 scrolls of magic mapping {unknown}
 j - a scroll of enchant armour {unknown}
 k - a scroll of identify {unknown}
 l - a scroll of poison {unknown}
 m - a scroll of teleportation {unknown}
Potions
 b - a potion of magic
 f - 3 potions of heal wounds {unknown}
 g - a potion of flight {unknown}
 n - 2 potions of ambrosia {unknown}


   Skills:
 + Level 1.0 Fighting
 + Level 1.0 Short Blades
 + Level 1.0 Long Blades
 + Level 1.0 Axes
 + Level 1.0 Maces & Flails
 + Level 1.0 Polearms
 + Level 1.0 Staves
 + Level 1.0 Ranged Weapons
 + Level 1.0 Throwing
 + Level 1.0 Armour
 + Level 4.6 Dodging
 + Level 4.2 Stealth
 + Level 1.0 Shields
 + Level 1.0 Unarmed Combat
 + Level 5.0 Spellcasting
 + Level 0.7 Conjurations
 + Level 0.7 Hexes
 + Level 7.1 Summonings
 + Level 0.7 Necromancy
 + Level 0.7 Translocations
 + Level 0.7 Transmutations
 + Level 0.7 Fire Magic
 + Level 0.7 Ice Magic
 + Level 0.7 Air Magic
 + Level 0.7 Earth Magic
 + Level 0.7 Poison Magic
 + Level 1.0 Invocations
 + Level 1.0 Evocations


You had 9 spell levels left.
You knew the following spells:

 Your Spells              Type           Power      Damage    Failure   Level
a - Summon Small Mammal   Summ           92%        N/A       1%          1
b - Call Imp              Summ           23%        N/A       1%          2

Your spell library contained the following spells:

 Spells                   Type           Power      Damage    Failure   Level
 Call Canine Familiar     Summ           23%        N/A       2%          3
 Summon Guardian Golem    Hex/Summ       14%        N/A       11%         3
 Summon Lightning Spire   Summ/Air       14%        N/A       34%         4


Dungeon Overview and Level Annotations

Branches:
Dungeon (1/15)

Altars:
Trog


Innate Abilities, Weirdness & Mutations

You have very sharp teeth.
Your uncanny sense of smell can sniff out nearby items.
Your experience applies equally to all skills.


Message History

Your Axes skill increases to level 1!
Your Maces & Flails skill increases to level 1!
Your Polearms skill increases to level 1!
Your Staves skill increases to level 1!
Your Ranged Weapons skill increases to level 1!
Your Throwing skill increases to level 1!
Your Armour skill increases to level 1!
Your Shields skill increases to level 1!
Your Unarmed Combat skill increases to level 1!
Your Evocations skill increases to level 1!
You swap places.
A kobold comes into view. It is wielding a +0 dagger.
Found 2 coppery potions.
The kobold shouts!
The kobold moves out of view.
Things that are here:
a +0 dagger; 3 stones; a kobold corpse You swap places.
The kobold barely misses your white imp.
Your white imp barely misses the kobold.
You reach to attack!
You barely miss the kobold.
The kobold hits your white imp with a +0 dagger.
Your white imp barely misses the kobold.
You could not reach far enough!
The kobold hits your white imp with a +0 dagger.
Your white imp gestures at the kobold.
The puff of frost hits the kobold!
The kobold dies!
No target in view!
You swap places.
You see here a +0 dagger.
n - 2 coppery potions
There is a faded altar of an unknown god here.
You cannot tell which god this altar belongs to.
Convert to them anyway?
Trog accepts your prayer! Trog welcomes you!
You can now go berserk at will.
Unknown command.
Press < or > to pray at altars.
Are you sure you want to abandon this character and quit the game? (Confirm with "yes".)

....# #.# #. ##### ....#
#.# #.#.. ..## ...## #.#
#..#####.## ..## #.#
##.#.....#.### ###
#.###.#≈.....≈...#
#.##.#.≈§...≈.§#.##
#######.#.#(.≈.§≈≈.§..#.#
#.........#≈≈≈≈≈≈.≈...#.#
#.####.#......≈@5≈....#.#
##.####.##.#≈§≈≈≈≈.≈...#.#
........##.#..§.≈≈§§§..#.#
##.##.####..#.≈≈...≈(≈#.##
#....# #.#.#≈.....≈...#
#..#.# #.##.#.....#.#.#
#..#.## #.###.#####.##)#
#.....###.# ## ..###.#
#.........# ####.).#


You could see a friendly white imp (summoned).

Vanquished Creatures
  2 ball pythons (D:1)
  An endoplasm (D:1)
  A giant cockroach (D:1)
  A goblin (D:1)
  A hobgoblin (D:1)
  A jackal (D:1)
  A frilled lizard (D:1)
  A kobold (D:1)
  2 rats (D:1)
11 creatures vanquished.

Vanquished Creatures (collateral kills)
  A dart slug (D:1)
  3 endoplasms (D:1)
  2 goblins (D:1)
  5 hobgoblins (D:1)
  5 jackals (D:1)
  2 quokkas (D:1)
  3 bats (D:1)
  A frilled lizard (D:1)
  2 kobolds (D:1)
  3 rats (D:1)
27 creatures vanquished.

Grand Total: 38 creatures vanquished

Notes
Turn   | Place    | Note
-------+----------+-------------------------------------------
     0 | D:1      | javelincjr the Gnoll Summoner began the quest for the Orb.
     0 | D:1      | Reached XP level 1. HP: 13/13 MP: 6/6
   277 | D:1      | Reached XP level 2. HP: 19/19 MP: 5/7
   356 | D:1      | Learned a level 2 spell: Call Imp
   740 | D:1      | Reached skill level 5 in Spellcasting
   740 | D:1      | Reached XP level 3. HP: 23/25 MP: 2/9
   871 | D:1      | Reached skill level 1 in Invocations
  1026 | D:1      | Found a faded altar of an unknown god.
  1206 | D:1      | Reached skill level 1 in Fighting
  1206 | D:1      | Reached skill level 1 in Short Blades
  1206 | D:1      | Reached skill level 1 in Long Blades
  1206 | D:1      | Reached skill level 1 in Axes
  1206 | D:1      | Reached skill level 1 in Maces & Flails
  1206 | D:1      | Reached skill level 1 in Polearms
  1206 | D:1      | Reached skill level 1 in Staves
  1206 | D:1      | Reached skill level 1 in Ranged Weapons
  1206 | D:1      | Reached skill level 1 in Throwing
  1206 | D:1      | Reached skill level 1 in Armour
  1206 | D:1      | Reached skill level 1 in Shields
  1206 | D:1      | Reached skill level 1 in Unarmed Combat
  1206 | D:1      | Reached skill level 1 in Evocations
  1232 | D:1      | Prayed at the altar of an unknown god.
  1232 | D:1      | Became a worshipper of Trog the Wrathful
  1232 | D:1      | Reached * piety under Trog
  1233 | D:1      | Quit the game

Illustrated notes

Levels and vault maps discovered:
D:1:      saegor_arrival_simple_b, layout_loops_ring,
          shapermc_ecumenical_altar_starsandcircs

Skill      XL: |  1  2  3 |
---------------+----------+-----
Spellcasting   | 5 |  5.0
Invocations    | 1 |  1.0
Fighting       | 1 |  1.0
Short Blades   | 1 |  1.0
Long Blades    | 1 |  1.0
Axes           | 1 |  1.0
Maces & Flails | 1 |  1.0
Polearms       | 1 |  1.0
Staves         | 1 |  1.0
Ranged Weapons | 1 |  1.0
Throwing       | 1 |  1.0
Armour         | 1 |  1.0
Shields        | 1 |  1.0
Unarmed Combat | 1 |  1.0
Evocations     | 1 |  1.0
Dodging        | |  4.6
Stealth        | |  4.2
Conjurations   | |  0.7
Hexes          | |  0.7
Summonings     | |  7.1
Necromancy     | |  0.7
Translocations | |  0.7
Transmutations | |  0.7
Fire Magic     | |  0.7
Ice Magic      | |  0.7
Air Magic      | |  0.7
Earth Magic    | |  0.7
Poison Magic   | |  0.7

Action                   || total
-------------------------++-------
Melee: Dagger            ||     6
       Unarmed           ||     4
       Spear             ||    63
       Bite              ||     2
 Cast: Summon Small Mamm ||    26
       Call Imp          ||     5
 Stab: Sleeping          ||     5
Armor: Robe              ||     8
Dodge: Dodged            ||    49
